 Dungeon Crawl Stone Soup version 0.27-a0-1136-g0b992a5a9d (webtiles) character file.

Game seed: 14778304333273371721

23 reriks the Sneak (level 2, 0/15 HPs)
             Began as a Spriggan Brigand on May 5, 2021.
             Slain by an endoplasm (1 damage)
             ... on level 2 of the Dungeon.
             The game lasted 00:01:33 (982 turns).

reriks the Sneak (Spriggan Brigand)                  Turns: 982, Time: 00:01:34

Health: 0/15       AC:  3    Str:  7    XL:     2   Next: 75%
Magic:  3/3        EV: 17    Int: 12    God:
Gold:   33         SH:  0    Dex: 16    Spells: 1/1 levels left

rFire    . . .     SeeInvis +   a - +2 dagger
rCold    . . .     Faith    .   (shield restricted)
rNeg     . . .     Spirit   .   b - +0 robe
rPois    .         Reflect  .   (helmet restricted)
rElec    .         Harm     .   c - +0 cloak
rCorr    .         Rampage  .   (gloves unavailable)
Will     .....                  (boots unavailable)
Stlth    +++.......             (no amulet)
HPRegen  0.05/turn              (no ring)
MPRegen  0.08/turn              (no ring)

@: very quick
A: very small, no large weapons, unfitting armour, see invisible, speed 3
a: no special abilities


You were on level 2 of the Dungeon.
You visited 1 branch of the dungeon, and saw 2 of its levels.

You collected 33 gold pieces.

Inventory:

Hand Weapons
 a - a +2 dagger (weapon)
Missiles
 d - 22 poisoned darts
 e - 2 curare-tipped darts
 i - 5 silver boomerangs (quivered)
Armour
 b - a +0 robe (worn)
 c - a +0 cloak (worn)
Scrolls
 g - a scroll of teleportation {unknown}
 h - a scroll of immolation {unknown}
 j - a scroll of identify {unknown}
 k - a scroll of noise {unknown}
Potions
 f - a potion of heal wounds {unknown}


   Skills:
 + Level 1.8 Fighting
 + Level 2.5 Short Blades
 - Level 2.0 Throwing
 + Level 2.0 Dodging
 * Level 6.4 Stealth


You had one spell level left.
You didn't know any spells.
Your spell library contained the following spells:

 Spells                   Type           Power      Damage    Failure   Level
 Magic Dart               Conj           0%         1d3       32%         1
 Shock                    Conj/Air       0%         1d3       32%         1
 Searing Ray              Conj           0%         3d3       45%         2
 Static Discharge         Conj/Air       0%         N/A       45%         2
 Dazzling Flash           Conj/Hex       0%         N/A       69%         3
 Swiftness                Air            0%         N/A       69%         3
 Airstrike                Air            0%         N/A       97%         4
 Fulminant Prism          Conj/Hex       0%         3d6       97%         4
 Iskenderun's Mystic Bla  Conj/Tloc      0%         2d3       97%         4
 Lightning Bolt           Conj/Air       0%         1d11      100%        5


Dungeon Overview and Level Annotations

Branches:
Dungeon (1/15)

Altars:

Shops:
D:2 =

Annotations:
D:2 Jessica


Innate Abilities, Weirdness & Mutations

You are very small and have problems with some larger weapons.
You are too small for most types of armour.
You have supernaturally acute eyesight. (SInv)
You cover ground extremely quickly. (Speed+++)


Message History

You throw a silver boomerang.
The silver boomerang barely misses the adder.
Throw: 5 boomerangs (silver)
Press: ? - help, Q - select action, (/) - cycle Shift-Dir - straight line, f/p - adder
Aim: an adder (moderately wounded, 42% to hit)
You throw a silver boomerang.
The silver boomerang closely misses the adder.
The endoplasm quivers.
The adder bites you.
You hit the adder.
The adder is moderately wounded.
The adder completely misses you.
You hit the adder.
The adder is heavily wounded.
The adder bites you.
You hit the adder.
The adder is almost dead.
The adder barely misses you.
You completely miss the adder.
The adder is almost dead.
The adder closely misses you. The endoplasm closely misses you.
You closely miss the adder.
The adder is almost dead.
The adder bites you. The endoplasm hits you. The adder bites you.
* * * LOW HITPOINT WARNING * * *
You hit the adder.
The adder is almost dead.
The adder closely misses you. The endoplasm misses you.
You closely miss the adder.
The adder is almost dead.
The adder misses you.
You closely miss the adder.
The adder is almost dead.
The endoplasm hits you.
* * * LOW HITPOINT WARNING * * *
The adder bites you but does no damage.
You barely miss the adder.
The adder is almost dead.
The adder bites you but does no damage. The endoplasm hits you.
You die...

###.# ...# ##### ..# ....###
# #.....# # ..... #>....###
#######.....#.......
............#....∩#####.
.##.............S.......
.##.#####...###J@### ....#
#..........# .#..#
#......###.####
.#..#####..#...# #.)..#
...............###....####.##
.#..######.#.......#....J.J.#
#...### ####.#.####..#####.
......# #.....@...# #..##.#
#.######..#


You could see an adder and an endoplasm.

Vanquished Creatures
  An adder (D:2)
  A worm (D:2)
  A dart slug (D:2)
  2 giant cockroaches (D:2)
  A goblin (D:2)
  2 hobgoblins (D:2)
  A kobold (D:2)
9 creatures vanquished.

Notes
Turn   | Place    | Note
-------+----------+-------------------------------------------
     0 | D:1      | reriks the Spriggan Brigand began the quest for the Orb.
     0 | D:1      | Reached XP level 1. HP: 10/10 MP: 2/2
    31 | D:1      | You fall into a shaft and drop 1 floor!
   262 | D:2      | Reached skill level 6 in Stealth
   317 | D:2      | Reached XP level 2. HP: 15/15 MP: 3/3
   469 | D:2      | Noticed Jessica
   940 | D:2      | Found Weiseog's Jewellery Shop.
   982 | D:2      | Slain by an endoplasm

Illustrated notes

Levels and vault maps discovered:
D:1:      psy_arrival_radial01, layout_loops_ring
D:2:      layout_loops_ring, serial_shops, shop, uniq_jessica

Skill      XL: |  1  2 |
---------------+-------+-----
Stealth        | 6 |  6.4
Dodging        | 2 |  2.0
Fighting       | |  1.8
Short Blades   | |  2.5
Throwing       | |  2.0

Action                   || total
-------------------------++-------
Melee: Dagger            ||    48
Throw: Boomerang         ||     5
 Stab: Sleeping          ||     3
Armor: Robe              ||     5
Dodge: Dodged            ||    30

Table legend: (Time is in decaauts)
 A = Elapsed time spent in this place.
 B = Non-inter-level travel time spent in this place.
 C = Inter-level travel time spent in this place.
 D = Time resting spent in this place.
 E = Time spent auto-exploring this place.
 F = Levels seen in this place.
 G = Mean time per level.
                   A        B        C        D        E       F      G
               +--------+--------+--------+--------+--------+-----+--------+
         Total |    851 |    851 |      0 |    601 |    101 |   2 |  425.5 |
       Dungeon |    851 |    851 |      0 |    601 |    101 |   2 |  425.5 |
               +--------+--------+--------+--------+--------+-----+--------+

Top non-repeatable levels by time:
     D:2: 831 daAuts
     D:1: 20 daAuts
